 Dungeon Crawl Stone Soup version 0.22-a0-880-gb7b0c8b (webtiles) character file.

28 Kuinu the Grasshopper (level 3, -2/30 HPs)
             Began as a Draconian Warper on July 30, 2018.
             Slain by a worm (6 damage)
             ... on level 2 of the Dungeon.
             The game lasted 00:02:08 (1291 turns).

Kuinu the Grasshopper (Draconian Warper)            Turns: 1291, Time: 00:02:09

Health: -2/30      AC:  5    Str: 14    XL:     3   Next: 0%
Magic:  1/6        EV: 12    Int: 13    God:
Gold:   49         SH:  0    Dex: 10    Spells: 2/6 levels left

rFire    . . .     SeeInvis .   a - +0 falchion
rCold    . . .     Gourm    .   (no shield)
rNeg     . . .     Faith    .   (armour unavailable)
rPois    .         Spirit   .   (helmet restricted)
rElec    .         Reflect  .   (no cloak)
rCorr    .         Harm     .   (no gloves)
MR       .....                  (no boots)
Stlth    +.........             (no amulet)
HPRegen  0.10/turn              m - ring of flight
MPRegen  0.10/turn              n - +3 ring of slaying

@: lethally poisoned (-2 -> -3), very slightly contaminated
A: unfitting armour, cold-blooded, AC +5
a: Evoke Flight


You were on level 2 of the Dungeon.
You were hungry.

You visited 1 branch of the dungeon, and saw 2 of its levels.

You collected 49 gold pieces.

Inventory:

Hand Weapons
 a - a +0 falchion (weapon)
Missiles
 d - 5 tomahawks of dispersal (quivered)
 g - 8 tomahawks
Jewellery
 m - a ring of flight (left hand)
 n - a +3 ring of slaying (right hand)
Scrolls
 b - 2 scrolls of teleportation {unknown}
 c - a scroll of blinking
 e - a scroll of remove curse {unknown}
 i - 3 scrolls of enchant weapon {unknown}
 k - a scroll of identify {unknown}
 o - a scroll of enchant armour {unknown}
Potions
 j - a potion of ambrosia {unknown}
 l - a potion of invisibility {unknown}
Comestibles
 f - a ration
 h - 2 chunks of flesh


   Skills:
 * Level 2.8 Fighting
 * Level 2.5 Long Blades
 - Level 0.8 Throwing
 + Level 2.3 Dodging
 + Level 2.2 Spellcasting
 - Level 3.0 Translocations


You had 2 spell levels left.
You knew the following spells:

 Your Spells              Type           Power        Failure   Level  Hunger
a - Shroud of Golubria    Chrm/Tloc      #.........   21%         2    ###....
b - Blink                 Tloc           N/A          11%         2    ###....

Your spell library contained the following spells:

 Spells                   Type           Power        Failure   Level  Hunger
 Teleport Other           Tloc           #.......     22%         3    ####...
 Passage of Golubria      Tloc           N/A          58%         4    #####..
 Gell's Gravitas          Tloc           #.........   22%         3    ####...
 Lesser Beckoning         Tloc           #.........   22%         3    ####...


Dungeon Overview and Level Annotations

Branches:
Dungeon (2/15)

Altars:


Innate Abilities, Weirdness & Mutations

Your plain brown scales are hard. (AC +5)
You cannot fit into any form of body armour.
You are cold-blooded and may be slowed by cold attacks.


Message History

You hit the adder.
You kill the adder!
You are feeling hungry.
You slash the rat!
You kill the rat!
You feel sick.
You hit the rat.
You kill the rat!
You have reached level 3!
Your experience leads to an increase in your attributes!
Increase (S)trength, (I)ntelligence, or (D)exterity?
You feel stronger.
Your scales feel tougher.
The worm bites you!
* * * LOW HITPOINT WARNING * * *
Things that are here:
a rat corpse x2; an adder corpse You hit the worm.
The worm is lightly wounded.
The worm bites you.
You die...

#w#.......#
#.#......<# .........#
#........# #.........
#####........ ..
#............
...#########w#........
..........@wg#........
.(...(...#####........
#........# #........
#........# #.)w#####
#........# #.#.#
#........# .#..
###.##...# #.##..##
#### #.....#


You could see a worm, a dart slug and a hobgoblin.

Vanquished Creatures
  An adder (D:2)
  A leopard gecko (D:2)
  2 giant cockroaches
  2 goblins (D:2)
  A hobgoblin (D:1)
  3 jackals (D:2)
  3 bats
  2 frilled lizards
  4 rats
19 creatures vanquished.

Notes
Turn   | Place    | Note
-------+----------+-------------------------------------------
     0 | D:1      | Kuinu the Draconian Warper began the quest for the Orb.
     0 | D:1      | Reached XP level 1. HP: 17/17 MP: 3/3
   613 | D:2      | Reached XP level 2. HP: 24/25 MP: 5/5
   641 | D:1      | Learned a level 2 spell: Shroud of Golubria
   644 | D:1      | Learned a level 2 spell: Blink
  1289 | D:2      | Reached XP level 3. HP: 15/30 MP: 1/6
  1291 | D:2      | Slain by a worm

Vault maps used:
D:1:      dpeg_arrival_more_subterranean_lakeside_camping

Action                   || total
-------------------------++-------
Melee: Falchion          ||    42
       Tailslap          ||     3
 Cast: Shroud of Golubri ||     3
  Eat: Chunk             ||     1
Armor: Skin              ||    16
Dodge: Dodged            ||    43
       Rpst.: Falchion   ||    12

Table legend:
 A = Spawn XP
 B = Non-spawn XP
 C = Spawn XP percentage of total XP
 D = Spawn monster count
 E = Non-spawn monster count
 F = Spawn count percentage of total count
 G = Total turns spent on level
                    A         B        C        D         E        F      G
               +---------+---------+-------+---------+---------+-------+---------
         Total |       0 |      41 |   0.0 |       0 |      19 |   0.0 |  1291
               +---------+---------+-------+---------+---------+-------+---------
           D:1 |       0 |       8 |   0.0 |       0 |       6 |   0.0 |   969
           D:2 |       0 |      33 |   0.0 |       0 |      13 |   0.0 |   322
               +---------+---------+-------+---------+---------+-------+---------
